 Dungeon Crawl Stone Soup version 0.23.2-33-g5129a83184 (webtiles) character file.

Game seed: 18380919515874611360

42 mrath the Digger (level 3, -1/19 HPs)
             Began as a Gargoyle Earth Elementalist on July 11, 2019.
             Slain by Terence
             ... wielding a +0 hand axe
              (3 damage)
             ... on level 1 of the Dungeon.
             The game lasted 00:08:16 (1324 turns).

mrath the Digger (Gargoyle Earth Elementalist)      Turns: 1324, Time: 00:08:16

Health: -1/19      AC:  5    Str: 11    XL:     3   Next: 56%
Magic:  2/7        EV: 12    Int: 16    God:
Gold:   22         SH:  0    Dex: 10    Spells: 7/8 levels left

rFire    . . .     SeeInvis .   j - +2 dagger (venom)
rCold    . . .     Gourm    .   (no shield)
rNeg     + . .     Faith    .   c - +0 robe
rPois    ∞         Spirit   .   (no helmet)
rElec    +         Reflect  .   (no cloak)
rCorr    .         Harm     .   (no gloves)
MR       .....                  (no boots)
Stlth    ++........             (no amulet)
HPRegen  0.06/turn              (no ring)
MPRegen  0.10/turn              (no ring)

@: no status effects
A: negative energy resistance 1, electricity resistance, unbreathing,
petrification resistance, rot immunity, AC +3
a: no special abilities


You were on level 1 of the Dungeon.
You were not hungry.

You visited 1 branch of the dungeon, and saw 2 of its levels.

You collected 22 gold pieces.

Inventory:

Hand Weapons
 e - a +0 hand axe
 j - a +2 dagger of venom (weapon)
Missiles
 b - 53 stones (quivered)
Armour
 c - a +0 robe (worn)
Jewellery
 a - a cursed ring of resist corrosion {unknown}
 g - an uncursed ring of protection from cold {unknown}
 r - an uncursed ring of ice {unknown}
Scrolls
 h - a scroll of remove curse {unknown}
 m - a scroll of identify {unknown}
 o - a scroll of random uselessness {unknown}
 p - a scroll of enchant armour {unknown}
 q - a scroll of fear {unknown}
Potions
 i - a potion of resistance {unknown}
 k - 2 potions of curing {unknown}
 l - a potion of flight {unknown}
 n - a potion of lignification {unknown}
Comestibles
 d - 2 rations
 f - 3 chunks of flesh


   Skills:
 - Level 1.6 Dodging
 - Level 2.2 Stealth
 * Level 3.0 Spellcasting
   Level 0.7 Transmutations
 + Level 4.4 Earth Magic


You had 7 spell levels left.
You knew the following spells:

 Your Spells              Type           Power        Failure   Level  Hunger
a - Sandblast             Erth           ###...       3%          1    #......

Your spell library contained the following spells:

 Spells                   Type           Power        Failure   Level  Hunger
 Passwall                 Tmut/Erth      ##......     10%         2    ##.....
 Stone Arrow              Conj/Erth      #.....       22%         3    ###....
 Petrify                  Tmut/Erth      ##......     54%         4    #####..
 Lee's Rapid Deconstruct  Erth           ###.......   63%         5    ######.


Dungeon Overview and Level Annotations

Branches:
Dungeon (2/15)

Altars:

Annotations:
D:1 Terence


Innate Abilities, Weirdness & Mutations

You are resistant to torment.
Your stone body is resilient. (AC +3)
You are immune to poison.
You resist negative energy. (rN+)
You are resistant to electric shocks. (rElec)
You can survive without breathing.
You are immune to petrification.
You are immune to rotting.


Message History

The blast of sand hits Terence but does no damage.
b - 55 stones Terence hits you but does no damage.
Casting: Sandblast (safe; 3% risk of failure)
Confirm with . or Enter, or press ? or * to list all spells.
Aiming: Sandblast (safe; 3% risk of failure)
Press: ? - help, Shift-Dir - straight line, f/p - Terence
Aim: Terence, wielding a +0 hand axe and wearing a +0 scale mail The blast of sand hits Terence but does no damage.
b - 54 stones Terence hits you but does no damage.
Casting: Sandblast (safe; 3% risk of failure)
Confirm with . or Enter, or press ? or * to list all spells.
Aiming: Sandblast (safe; 3% risk of failure)
Press: ? - help, Shift-Dir - straight line, f/p - Terence
Aim: Terence, wielding a +0 hand axe and wearing a +0 scale mail The blast of sand misses Terence.
b - 53 stones Terence hits you with a +0 hand axe.
You die...

###### ######### #....# #.......#
####.##.####### #........
#.....#.......# #.......#
#.#####.....#.#########.......#
#.# #.###.#........######...#
###.# #÷# #.#..#......#####.#.#
....# #.# #.#.@.............#..
....# #.# #...@.......#######..
.).#### #.#####.#..........# #.#
......# #.......#.......##÷# #.#
....#.# #.#######.......##.####.#
....#.# ### #.......##......#
....#.# #.############... ....#.#
#.# #........#
.##.#.###########.######.#####..#


You could see Terence.

Vanquished Creatures
  An adder (D:2)
  A worm (D:2)
  A leopard gecko (D:1)
  2 giant cockroaches
  3 goblins (D:1)
  2 hobgoblins (D:1)
  4 jackals (D:1)
  3 kobolds (D:1)
  5 bats
  3 frilled lizards (D:1)
  6 rats
31 creatures vanquished.

Notes
Turn   | Place    | Note
-------+----------+-------------------------------------------
     0 | D:1      | mrath the Gargoyle Earth Elementalist began the quest for
                  | the Orb.
     0 | D:1      | Reached XP level 1. HP: 10/10 MP: 3/3
   240 | D:1      | Reached skill level 4 in Earth Magic
   240 | D:1      | Reached XP level 2. HP: 15/15 MP: 3/5
   669 | D:1      | Reached XP level 3. HP: 18/19 MP: 3/6
  1275 | D:2      | Noticed Terence
  1324 | D:1      | Slain by Terence

Skill      XL: |  1  2  3 |
---------------+----------+-----
Earth Magic    | 4 |  4.4
Spellcasting   | 3 |  3.0
Dodging        | |  1.6
Stealth        | |  2.2
Transmutations | |  0.7

Action                   || total
-------------------------++-------
Melee: Hand axe          ||     9
       Dagger            ||    52
 Cast: Sandblast         ||    26
 Stab: Sleeping          ||     1
  Eat: Chunk             ||     1
Armor: Robe              ||    30
Dodge: Dodged            ||    69
